Map: Frozen Temple

Players

OUASKY

  • Race: Terran Terran
  • League: Grandmaster

llllllllllll - Winner!

  • Race: Zerg Zerg
  • League: Grandmaster

VOD

Have the link to the VOD?

Description

pickin him appart

Time

  • Played on: Aug. 31, 2016, 9:39 a.m.
  • Length: 13:49
Show
View Real Time Build Order
Export as new Build Order

OUASKY Terran 

Build Orders: Command Center First (CC), Liberator Opening, Mech 

Get SALT Encoding   

  12  0:01  SCV  
  13  0:13  SCV  
  14  0:21  Supply Depot  
  14  0:25  SCV  
  15  0:43  SCV  
  16  0:55  SCV  
  17  1:02  Command Center  
  17  1:07  SCV  
  17  1:09  Refinery  
  18  1:19  SCV  
  18  1:25  Barracks  
  19  1:31  SCV  
  20  1:43  SCV  
  21  1:55  SCV  
  22  2:12  Marine  
  22  2:13  Factory  
  22  2:14  Orbital Command x2  
  23  2:30  Barracks Reactor  
  23  2:40  Command Center  
  23  2:44  Refinery  
  23  2:51  Bunker  
  23  2:55  Supply Depot  
  23  2:59  SCV x2  
  25  3:07  Starport  
  25  3:18  Hellion x2  
  28  3:23  SCV x2  
  28  3:25  Barracks Reactor  
  30  3:29  Refinery  
  30  3:39  Hellion x2  
  34  3:44  SCV x2  
  36  3:52  Orbital Command  
  36  3:55  Liberator  
  36  3:56  Liberator  
  36  4:05  Hellion x2  
  40  4:16  SCV x2  
  48  4:21  SCV  
  49  4:28  Hellion  
  49  4:30  Hellion  
  53  4:32  SCV x2  
  55  4:39  Armory  
  55  4:48  Supply Depot  
  55  4:50  Supply Depot  
  58  5:01  SCV x3  
  61  5:10  Factory x2  
  61  5:17  Hellion x2  
  61  5:18  SCV x3, Liberator x2  
  61  5:19  Refinery  
  65  5:30  SCV x2, Terran Vehicle Weapons Level 1  
  65  5:31  Supply Depot  
  65  5:34  Hellion x7  
  73  5:45  Hellion x2  
  73  5:48  SCV x2  
  77  5:52  SCV, Supply Depot  
  75  6:02  Factory Tech Lab  
  71  6:06  SCV x2, Factory Tech Lab  
  71  6:10  Orbital Command  
  73  6:13  Hellion x2  
  73  6:18  SCV x2  
  79  6:26  Siege Tank x2  
  79  6:29  Refinery  
  79  6:30  Refinery, SCV x2  
  87  6:37  Starport Reactor  
  87  6:38  Factory  
  87  6:40  Factory  
  87  6:41  Hellion x2  
  87  6:42  SCV  
  87  6:45  Orbital Command  
  92  6:49  Supply Depot  
  90  6:55  SCV x2  
  91  7:07  SCV x2  
  92  7:13  Supply Depot  
  92  7:14  Siege Tank x2, Hellion x2  
  84  7:17  SCV  
  84  7:19  SCV x2  
  85  7:29  SCV  
  83  7:31  SCV x2  
  82  7:39  Engineering Bay  
  82  7:41  SCV  
  82  7:43  SCV x2  
  81  7:44  Factory Tech Lab  
  81  7:46  Viking x2  
  81  7:47  Terran Vehicle Weapons Level 2  
  81  7:52  Siege Tank x2  
  81  7:53  SCV  
  81  7:54  Hellion x2  
  81  7:55  SCV, Hellion x2  
  94  7:58  SCV  
  94  8:05  SCV  
  96  8:07  SCV, Thor, Supply Depot  
  96  8:10  SCV  
  104  8:17  SCV, Supply Depot x2  
  105  8:22  Supply Depot  
  105  8:33  SCV  
  105  8:34  SCV  
  102  8:37  Supply Depot  
  102  8:39  Supply Depot, Viking x2  
  104  8:42  SCV  
  104  8:46  SCV  
  104  8:48  Sensor Tower, Command Center, Siege Tank x2  
  109  8:52  Siege Tank  
  115  9:01  Hellion x4  
  123  9:10  Viking x2  
  127  9:19  Barracks  
  127  9:20  Siege Tank  
  127  9:22  Siege Tank  
  133  9:24  Siege Tank  
  133  9:25  Hellion x3  
  133  9:29  Hellion  
  144  9:41  Supply Depot  
  144  9:42  Supply Depot  
  144  9:43  Viking x2  
  146  9:50  Hellion  
  146  9:51  Hellion x2, Infernal Pre-Igniter  
  149  9:52  Siege Tank  
  149  10:03  Siege Tank x2  
  149  10:05  Hellion  
  157  10:07  Refinery  
  157  10:09  Refinery  
  157  10:13  Hellion x3  
  163  10:18  Terran Vehicle Weapons Level 3  
  163  10:24  Siege Tank  
  163  10:27  Orbital Command  
  166  10:38  Thor  
  166  10:40  Hellion x5  
  182  10:45  Viking  
  182  10:48  Viking  
  182  10:57  Hellion  
  182  11:05  Factory  
  182  11:06  Factory  
  129  11:26  Siege Tank x2  
  129  11:27  Siege Tank, Hellion x3  
  111  11:39  Viking x2  
  95  11:41  SCV, Hellion  
  95  11:42  SCV x3  
  98  11:50  Factory Tech Lab x2  
  98  11:52  Starport  
  98  11:54  SCV x4  
  100  11:58  Siege Tank, Hellion x2  
  100  11:59  Hellion  
  104  12:04  Siege Tank x2  
  110  12:11  Viking x2  
  110  12:13  Siege Tank x2  
  120  12:20  SCV x2  
  120  12:21  SCV x2  
  124  12:24  Hellion x4  
  132  12:31  Starport Tech Lab  
  132  12:44  Thor x2  
  134  12:45  Thor  
  149  12:55  Thor  
  142  13:13  Supply Depot  
  142  13:14  Supply Depot  
  152  13:27  Hellion x4  
  152  13:28  Hellion x2  
Show
View Real Time Build Order
Export as new Build Order

llllllllllll Zerg - Winner!

Build Orders: Hatch First 

Get SALT Encoding   

  12  0:00  Drone  
  13  0:12  Overlord  
  13  0:17  Drone  
  14  0:31  Drone x2  
  14  0:34  Drone  
  17  0:51  Hatchery  
  17  0:54  Drone  
  17  0:58  Drone  
  18  1:09  Extractor  
  17  1:12  Spawning Pool  
  17  1:15  Drone  
  17  1:18  Drone  
  18  1:29  Drone  
  19  1:38  Overlord  
  19  1:59  Queen, Zergling x2  
  19  2:01  Zergling x2  
  23  2:04  Queen, Zergling x2  
  23  2:08  Metabolic Boost  
  26  2:11  Drone  
  26  2:14  Drone  
  28  2:24  Drone  
  28  2:25  Drone  
  30  2:32  Overlord  
  30  2:34  Queen  
  32  2:39  Queen  
  32  2:43  Drone  
  32  2:44  Drone  
  36  2:51  Overlord  
  36  2:54  Drone  
  36  2:57  Drone  
  38  3:06  Drone  
  38  3:07  Drone x3  
  38  3:10  Drone  
  38  3:11  Drone x2  
  45  3:14  Drone  
  45  3:19  Overlord  
  46  3:22  Drone  
  47  3:31  Hatchery  
  46  3:39  Drone  
  46  3:40  Drone x2, Extractor  
  47  3:51  Drone, Roach Warren  
  47  3:52  Drone x6  
  53  4:06  Evolution Chamber x2  
  51  4:11  Queen x2, Extractor x2  
  53  4:20  Drone  
  53  4:21  Drone x5  
  53  4:22  Overlord  
  59  4:25  Overlord  
  59  4:34  Zerg Missile Weapons Level 1, Zerg Ground Armor Level 1  
  59  4:43  Drone, Spore Crawler  
  59  4:46  Drone, Spore Crawler  
  59  4:51  Lair  
  59  4:58  Drone  
  59  4:59  Drone x6  
  66  5:02  Roach  
  68  5:07  Roach  
  68  5:12  Spore Crawler  
  69  5:15  Roach  
  71  5:25  Overlord x2  
  71  5:27  Roach  
  73  5:30  Drone x4  
  73  5:31  Roach x2  
  73  5:32  Overlord  
  81  5:45  Roach x4  
  91  5:56  Roach  
  99  5:57  Roach x4  
  99  6:02  Glial Reconstitution  
  99  6:04  Overlord  
  99  6:06  Roach  
  101  6:15  Extractor, Overlord  
  101  6:17  Extractor  
  99  6:23  Drone x7  
  106  6:30  Zerg Missile Weapons Level 2, Zerg Ground Armor Level 2  
  106  6:34  Drone x2  
  106  6:35  Hydralisk Den  
  106  6:37  Infestation Pit  
  106  6:41  Drone  
  106  6:42  Drone x3  
  110  6:48  Roach x5  
  118  6:59  Roach x3  
  118  7:01  Overlord  
  120  7:04  Drone  
  121  7:13  Hatchery, Roach  
  121  7:14  Overlord  
  118  7:22  Hive, Muscular Augments  
  102  7:30  Roach x8  
  102  7:36  Roach x2  
  112  7:38  Roach  
  112  7:43  Roach  
  108  7:54  Drone x3  
  108  7:55  Drone x4  
  108  7:56  Drone  
  108  7:57  Drone  
  117  8:04  Overlord  
  117  8:06  Drone  
  117  8:08  Drone x2, Evolution Chamber  
  117  8:09  Drone x2  
  117  8:10  Evolution Chamber  
  120  8:15  Hydralisk, Overlord  
  120  8:16  Extractor, Hydralisk x4  
  120  8:17  Extractor  
  126  8:22  Hydralisk x3  
  126  8:26  Hydralisk  
  126  8:27  Roach  
  126  8:38  Drone  
  126  8:39  Drone x6  
  133  8:44  Spore Crawler  
  132  8:49  Viper x3  
  132  8:52  Ravager x2  
  143  8:56  Viper x2  
  149  9:05  Hatchery, Overlord x2  
  148  9:10  Spore Crawler  
  148  9:12  Spine Crawler  
  146  9:27  Drone x2  
  146  9:28  Evolution Chamber  
  146  9:29  Evolution Chamber  
  146  9:43  Extractor  
  146  9:44  Extractor  
  144  9:48  Drone x3  
  143  9:53  Drone x3  
  143  9:54  Drone  
  143  9:55  Drone x2  
  143  9:56  Drone x3  
  143  9:57  Drone x4, Overlord  
  143  9:58  Overlord x2  
  143  9:59  Zerg Ground Armor Level 3, Zerg Missile Weapons Level 3  
  156  10:06  Drone x2, Hydralisk x2  
  156  10:07  Hydralisk x5  
  168  10:16  Hydralisk x5  
  178  10:22  Roach  
  178  10:23  Roach x3  
  186  10:30  Spine Crawler  
  186  10:32  Pneumatized Carapace, Overseer  
  186  10:33  Overseer  
  185  10:40  Drone x8, Spore Crawler x2  
  185  10:41  Spore Crawler  
  188  10:55  Hydralisk  
  188  10:56  Hydralisk x5  
  200  11:02  Hydralisk x5  
  194  11:23  Roach  
  183  11:26  Hydralisk x4  
  171  11:35  Hydralisk x14  
  171  11:36  Hydralisk  
  178  11:44  Viper x4  
  178  11:46  Overlord x2  
  186  12:03  Overlord, Roach x2  
  186  12:04  Overlord  
  182  12:19  Overseer  
  182  12:21  Overseer  
  182  12:24  Hydralisk x9  
  182  12:28  Evolution Chamber  
  199  12:30  Evolution Chamber  
  199  12:33  Evolution Chamber, Roach  
  199  13:07  Hatchery  
  195  13:14  Viper  
  195  13:16  Roach  
Tags
 
Add a new tag
Caveats
  • Supply blocks, unpowered buildings, or Contaminate may cause inaccurate times.
  • Supply counts are checked every 10 seconds.